 Dungeon Crawl Stone Soup version 0.14.0-18-g0341e45 (webtiles) character file.

3278 zercules the Covert (level 9, -19/76 HPs)
             Began as a Deep Dwarf Monk on Apr 20, 2014.
             Was an Elder of Okawaru.
             Demolished by an ogre
             ... wielding a +0,+0 giant club
              (20 damage)
             ... on Level 9 of the Dungeon.
             The game lasted 01:15:10 (7540 turns).

zercules the Covert (Deep Dwarf Monk)               Turns: 7540, Time: 01:15:10

HP -19/76        AC  9     Str 15      XL: 9   Next: 47%
MP  14/15        EV 19     Int 14      God: Okawaru [****..]
Gold 415         SH 12     Dex 15      Spells:  0 memorised,  8 levels left

rFire  . . .     SeeInvis .     q - +3,+4 dagger (speed)
rCold  . . .     Clarity  .     C - +1 leather armour "Aseggic" {rN+ MR+ Acc+4}
rNeg   + . .     Conserve +     Q - +0 buckler
rPois  .         rCorr    +     (no helmet)
rElec  .         rRot     .     g - +0 cloak {rCorr, Cons}
SustAb . .       Spirit   .     s - +0 pair of gloves
rMut   .         Warding  .     o - +0 pair of boots
Saprov . . .     Stasis   .     (no amulet)
MR     ++...                    (no ring)
                                (no ring)

@: non-regenerating, heroism, very resistant to hostile enchantments, extremely
stealthy
A: damage resistance, recharge devices, sense surroundings 2, slow healing 3
a: Device Recharging, Heroism, Renounce Religion


You were on level 9 of the Dungeon.
You worshipped Okawaru.
Okawaru was greatly pleased with you.
You were hungry.

You visited 1 branch of the dungeon, and saw 9 of its levels.

You collected 415 gold pieces.

Inventory:

Hand weapons
 q - a +3,+4 dagger of speed (weapon)
 r - a +2,+0 long sword of holy wrath
 E - a +1,+0 whip of flaming
 H - a +1,+1 mace of crushing
Missiles
 m - 3 throwing nets (quivered)
 I - 13 bolts of penetration
Armour
 g - a +0 cloak of preservation (worn)
 o - a +0 pair of boots (worn)
 s - a +0 pair of gloves (worn)
 C - the +1 leather armour "Aseggic" (worn) {rN+ MR+ Acc+4}
   (You found it on level 5 of the Dungeon)

   It affects your accuracy with ranged weapons and melee attacks (+4).
   It protects you from negative energy.
   It affects your resistance to hostile enchantments.
 F - a +2 robe of cold resistance
 Q - a +0 buckler (worn)
Magical devices
 b - a wand of heal wounds (5)
 l - a wand of digging (8)
 u - a wand of teleportation (0)
 G - a wand of digging (4)
 J - a wand of frost (6)
 K - a wand of enslavement (5)
Comestibles
 c - 4 bread rations
 t - a meat ration
 D - a pear
 O - a choko
Scrolls
 i - 4 scrolls of teleportation
 v - 4 scrolls of remove curse
 M - a scroll of enchant armour
 N - a scroll of identify
Jewellery
 j - an uncursed amulet of warding {unknown}
 y - an uncursed ring of ice {unknown}
 B - an uncursed ring of sustain abilities
 L - a cursed ring of teleportation {unknown}
 P - an uncursed ring of teleport control {unknown}
Potions
 a - 2 potions of haste {unknown}
 d - a potion of mutation {unknown}
 e - 3 potions of restore abilities {unknown}
 f - a potion of invisibility {unknown}
 h - 2 potions of heal wounds
 k - 3 potions of might {unknown}
 p - a potion of beneficial mutation {unknown}
 w - 6 potions of curing
 x - 3 potions of agility
 z - a potion of degeneration {unknown}
Books
 R - a book of Clouds

   Spells                             Type                      Level
   Mephitic Cloud                     Conjuration/Poison/Air       3
   Conjure Flame                      Conjuration/Fire             3
   Poisonous Cloud                    Conjuration/Poison/Air       6
   Freezing Cloud                     Conjuration/Ice/Air          6
   Ring of Flames                     Charms/Fire                  7


   Skills:
 - Level 3.4(8.4) Fighting
 + Level 6.5(11.5) Short Blades
 - Level 1.0(6.0) Maces & Flails
 - Level 4.3(9.3) Armour
 - Level 6.8(11.8) Dodging
 - Level 8.0(13.0) Stealth
 + Level 1.4(6.4) Shields
 - Level 3.6(8.6) Unarmed Combat
 - Level 7.2 Evocations


You had 8 spell levels left.
You didn't know any spells.

Dungeon Overview and Level Annotations

Branches:
Dungeon (9/15) Temple (0/1) D:5 D:6 Orc: D:9-12 Lair: D:8-11

Altars:
Dithmenos
Kikubaaqudgha
Okawaru
Zin

Annotations:
D:6 Eustachio


Innate Abilities, Weirdness & Mutations

You are resistant to damage.
You can recharge devices by infusing magical energy.
You passively map the area around you.
You do not heal naturally.


Message History

The bat misses you. The bat barely misses you.
The bat hits you but does no damage. The bat closely misses you.
The bat completely misses you.
The quasit bites you but does no damage.
The quasit claws you but does no damage.
The quasit misses you. The quasit closely misses you.
The quasit barely misses you. x2
You hit the quasit.
The quasit is lightly wounded.
The bat closely misses you.
You closely miss the quasit.
The quasit is lightly wounded.
The bat misses you. The quasit barely misses you.
You block the quasit's attack. The quasit barely misses you.
The bat closely misses you.
You hit the quasit.
The quasit is lightly wounded.
The ogre hits you with a giant club!
You die...

########.... #.
#............ #.
#............ ##
#.........# **
#......ยง_.#
######## #.....(...#
#....... #.........#
#.###### #.b.O.....#
#.# ...# #..@5.....#
#.##.#.#
#...9.....###.......
########.........#.#
* *####...#.....
..h#...#.....
*,HY..#...#.....
.H.UU+...#.#...
Y.HU+...#.#..# *
KU..+...#.....


You could see a gargoyle, an ogre, a quasit and a bat.

Vanquished Creatures
  Pikel (D:5)
  Grinder (D:3)
  A shadow (D:9)
  Menkaure (D:7)
  2 sky beasts
  A slave (D:4)
  A yellow wasp (D:7)
  An ice beast (D:3)
  An ogre (D:5)
  A phantom (D:5)
  A centaur (D:8)
  Sigmund (D:2)
  2 gnoll sergeants
  A scorpion (D:4)
  4 wights (D:7)
  A centaur zombie (D:7)
  A crimson imp (D:5)
  A centaur skeleton (D:5)
  Crazy Yiuf (D:3)
  2 hounds
  2 jellies
  3 worker ants
  A giant frog skeleton (D:4)
  An iguana (D:4)
  Ijyb (D:2)
  A big kobold skeleton (D:9)
  15 gnolls
  16 adders
  A giant mite (D:4)
  4 worms
  A shadow imp (D:9)
  3 giant eyeballs
  6 giant geckos
  12 orcs
  5 giant cockroaches
  12 hobgoblins
  9 jackals
  8 kobolds
  A ball python (D:1)
  13 bats
  5 giant newts
  17 goblins
  A goblin skeleton (D:4)
  A hobgoblin skeleton (D:4)
  An orc zombie (D:5)
  A quokka skeleton (D:4)
  20 rats
  A rat skeleton (D:5)
188 creatures vanquished.

Vanquished Creatures (collateral kills)
  A gnoll (D:9)
1 creature vanquished.

Vanquished Creatures (others)
  A rat skeleton (D:5)
1 creature vanquished.

Grand Total: 190 creatures vanquished

Notes
Turn   | Place    | Note
--------------------------------------------------------------
     0 | D:1      | zercules, the Deep Dwarf Monk, began the quest for the Orb.
     0 | D:1      | Reached XP level 1. HP: 20/20 MP: 1/1
    65 | D:1      | HP: 2/20 [giant gecko (2)]
   124 | D:2      | Found an iron altar of Okawaru.
   138 | D:2      | Reached XP level 2. HP: 20/27 MP: 2/2
   198 | D:2      | Noticed Sigmund
   351 | D:1      | Reached skill level 1 in Maces & Flails
   601 | D:1      | Reached XP level 3. HP: 32/34 MP: 3/3
   735 | D:1      | Reached skill level 4 in Dodging
  1347 | D:1      | Reached skill level 1 in Short Blades
  1355 | D:1      | Reached XP level 4. HP: 4/42 MP: 4/4
  1861 | D:2      | HP: 2/42 [something (7)]
  1985 | D:2      | HP: 3/42 [worm (4)]
  2123 | D:2      | Became a worshipper of Warmaster Okawaru
  2123 | D:2      | Acquired Okawaru's first power
  2129 | D:2      | Killed Sigmund
  2129 | D:2      | Reached XP level 5. HP: 46/49 MP: 4/4
  2330 | D:2      | Noticed Ijyb
  2378 | D:2      | Killed Ijyb
  2727 | D:2      | Reached skill level 1 in Armour
  2859 | D:3      | Reached XP level 6. HP: 49/56 MP: 5/5
  3034 | D:3      | Noticed Crazy Yiuf
  3054 | D:3      | Killed Crazy Yiuf
  3256 | D:3      | Noticed Grinder
  3280 | D:3      | Paralysed by Grinder for 6 turns
  3295 | D:3      | Killed Grinder
  3295 | D:3      | Reached skill level 5 in Short Blades
  3295 | D:3      | Reached XP level 7. HP: 19/62 MP: 6/6
  3615 | D:3      | Identified a +0 cloak of preservation (You took it off Crazy Yiuf on level 3 of the Dungeon)
  3724 | D:3      | Noticed an ice beast
  3740 | D:3      | Killed an ice beast
  3947 | D:4      | Reached skill level 1 in Evocations
  4671 | D:5      | Entered Level 5 of the Dungeon
  4738 | D:5      | Reached XP level 8. HP: 65/69 MP: 11/11
  4765 | D:5      | Found a staircase to the Ecumenical Temple.
  4896 | D:5      | Got a warped leather armour
  4907 | D:5      | Identified the cursed +1 leather armour "Aseggic" {rN+ MR+ Acc+4} (You found it on level 5 of the Dungeon)
  4935 | D:5      | Reached skill level 5 in Evocations
  4949 | D:5      | Noticed Pikel
  4961 | D:5      | Killed Pikel
  4961 | D:5      | Reached skill level 6 in Stealth
  4961 | D:5      | Reached skill level 7 in Evocations
  5390 | D:6      | Found a staircase to the Ecumenical Temple.
  5457 | D:6      | Reached skill level 5 in Dodging
  5534 | D:6      | Noticed Eustachio
  5587 | D:7      | Noticed Menkaure
  5603 | D:7      | Killed Menkaure
  5637 | D:7      | Gained mutation: You passively map the area around you. [level up]
  5637 | D:7      | Reached XP level 9. HP: 66/76 MP: 16/16
  5749 | D:7      | Reached skill level 8 in Stealth
  6333 | D:8      | Paralysed by a giant eyeball for 2 turns
  6339 | D:8      | Paralysed by a giant eyeball for 2 turns
  6617 | D:8      | Paralysed by a giant eyeball for 2 turns
  6767 | D:9      | Noticed a gargoyle
  7309 | D:9      | Paralysed by a giant eyeball for 2 turns
  7409 | D:9      | Found a glowing silver altar of Zin.
  7409 | D:9      | Found an ancient bone altar of Kikubaaqudgha.
  7453 | D:9      | Reached skill level 1 in Shields
  7507 | D:9      | Noticed a griffon
  7509 | D:9      | Noticed a griffon
  7511 | D:9      | Found a shadowy altar of Dithmenos.
  7528 | D:9      | HP: 1/76 [gargoyle/morningstar (13)]
  7540 | D:9      | Demolished by an ogre

Action                   |  1- 3 |  4- 6 |  7- 9 || total
-------------------------+-------+-------+-------++-------
Melee: Unarmed           |    26 |       |       ||    26
       Club              |   178 |       |       ||   178
       Dagger            |    23 |   332 |   619 ||   974
       Long sword        |       |    12 |    42 ||    54
Throw: Throwing net      |       |     1 |     6 ||     7
Invok: Heroism           |       |     1 |     6 ||     7
 Abil: Device Recharging |       |     1 |     2 ||     3
Evoke: Wand              |     3 |     6 |    11 ||    20
  Use: Scroll            |       |     6 |     9 ||    15
       Potion            |       |       |     4 ||     4
 Stab: Held in net/web   |       |       |     4 ||     4
       Sleeping          |       |       |     4 ||     4
       Distracted        |       |       |     1 ||     1
